 Dungeon Crawl Stone Soup version 0.30-a0-948-g4fa250aae5 (webtiles) character file.

Game seed: 3435025638488512146

985 FallingFreak the Trooper (level 8, -8/67 HPs)
             Began as a Ghoul Warper on Mar 26, 2023.
             Mangled by a wraith (9 damage)
             ... in the Ecumenical Temple.
             The game lasted 00:27:29 (6578 turns).

FallingFreak the Trooper (Ghoul Warper)             Turns: 6578, Time: 00:27:30

Health: -8/67      AC:  6    Str: 15    XL:     8   Next: 18%
Magic:  12/12      EV:  9    Int: 10    God:
Gold:   162        SH:  0    Dex:  8    Spells: 7/14 levels left

rFire   . . .      SeeInvis .    b - +0 halberd
rCold   + . .      Faith    .    (shield currently unavailable)
rNeg    + + +      Spirit   .    n - +0 scale mail
rPois   ∞          Reflect  .    (no helmet)
rElec   .          Rampage  .    (no cloak)
rCorr   .                        (no gloves)
Will    .....                    (no boots) Stlth
                                 (no amulet)
HPRegen 0.00/turn                (no ring)
MPRegen 0.13/turn                (no ring)

@: inhibited regen, slowed, very slow
A: claws 1, cold resistance 1, negative energy resistance 3, inhibited
regeneration, torment resistance 2, devour on kill
a: no special abilities


You were in the Ecumenical Temple.
You visited 2 branches of the dungeon, and saw 6 of its levels.

You collected 162 gold pieces.

Inventory:

Hand Weapons
 a - a +0 spear of venom
 b - a +0 halberd (weapon)
 d - a +1 mace of venom
 g - a +0 spear
 B - a +0 trident
Missiles
 e - 8 poisoned darts (quivered)
 D - 2 boomerangs
Armour
 k - a +0 chain mail
 l - a +0 ring mail
 m - a +0 leather armour
 n - a +0 scale mail (worn)
 r - a +0 leather armour
 A - a +0 buckler
Jewellery
 E - a ring of flight
Scrolls
 f - 2 scrolls of blinking
 i - 3 scrolls of teleportation {unknown}
 j - 5 scrolls of identify {unknown}
 o - a scroll of enchant armour {unknown}
 p - 5 scrolls of fear {unknown}
 q - 2 scrolls of magic mapping {unknown}
 u - 3 scrolls of enchant weapon {unknown}
 v - 2 scrolls of fog {unknown}
 w - a scroll of brand weapon {unknown}
 x - a scroll of noise {unknown}
 y - a scroll of immolation {unknown}
 C - a scroll of poison {unknown}
Potions
 c - 2 potions of heal wounds {unknown}
 h - 4 potions of magic {unknown}
 s - 2 potions of invisibility {unknown}
 t - 2 potions of curing {unknown}
 z - a potion of degeneration {unknown}


   Skills:
 + Level 4.9 Fighting
 + Level 4.0 Polearms
 - Level 0.8 Throwing
 + Level 3.6 Armour
 - Level 1.7 Dodging
 + Level 3.8 Spellcasting
 + Level 4.5 Translocations


You had 7 spell levels left.
You knew the following spells:

 Your Spells              Type           Power      Damage    Failure   Level
c - Blink                 Tloc           22%        N/A       22%         2
A - Teleport Other        Tloc           11%        N/A       41%         3
Z - Lesser Beckoning      Tloc           22%        N/A       22%         2

Your spell library contained the following spells:

 Spells                   Type           Power      Damage    Failure   Level
 Vhi's Electric Charge    Tloc/Air       12%        N/A       75%         3
 Cigotuvi's Dreadful Rot  Necr/Pois/Air  2%         N/A       82%         2
 Poisonous Vapours        Pois/Air       2%         N/A       82%         2
 Manifold Assault         Tloc           11%        N/A       82%         4
 Mephitic Cloud           Conj/Pois/Air  1%         N/A       96%         3


Dungeon Overview and Level Annotations

Branches:
Dungeon (5/15) Zot: 23447  Temple (1/1) D:5 Zot: 5866

Altars:
Cheibriados
Dithmenos
Hepliaklqana
Makhleb
Okawaru
Qazlal
Ru
Wu Jian

Annotations:
D:5 1 runed translucent door, 3 exclusions, Crazy Yiuf, Ijyb


Innate Abilities, Weirdness & Mutations

You are immune to poison.
You have sharp fingernails.
Your flesh is cold resistant. (rC+)
You are immune to negative energy. (rN+++)
You do not regenerate when monsters are visible.
You are immune to unholy pain and torment.
You thrive by killing the living.


Message History

You feel yourself slow down.
Unknown command.
Reach: b) +0 halberd
Press: ? - help, Dir - move target, f/p - wraith
Aim: a wraith (lightly damaged, about 50% to evade your +0 halberd)
You hit the wraith.
The wraith is moderately damaged.
The wraith barely misses you. The wraith hits you!
The wraith drains your vigour!
You feel as though you will be slow longer.
Unknown command.
Reach: b) +0 halberd
Press: ? - help, Dir - move target, f/p - wraith
Aim: a wraith (lightly damaged, about 50% to evade your +0 halberd)
You slash the wraith!
The wraith is heavily damaged.
The wraith hits you. The wraith hits you!
* * * LOW HITPOINT WARNING * * *
Unknown command.
Reach: b) +0 halberd
Press: ? - help, Dir - move target, f/p - wraith
Aim: a wraith (heavily damaged, about 50% to evade your +0 halberd)
You hit the wraith but do no damage.
The wraith is heavily damaged.
The wraith hits you!
* * * LOW HITPOINT WARNING * * *
The wraith hits you.
* * * LOW HITPOINT WARNING * * *
The wraith drains your vigour!
You feel as though you will be slow longer.
Unknown command.
You aren't carrying any items that you can evoke.
Okay, then.
The wraith attacks as you move away! The wraith hits you.
* * * LOW HITPOINT WARNING * * *
The wraith hits you but does no damage. The wraith attacks as you move away!
The wraith hits you.
* * * LOW HITPOINT WARNING * * *
The wraith hits you!
You die...

#≈≈≈≈≈≈≈≈.......≈≈≈≈≈≈≈≈#
#≈≈≈≈≈≈≈≈≈....@≈≈≈≈≈≈≈≈≈#
#≈≈≈≈≈≈≈≈≈...W.≈≈≈≈≈≈≈≈≈#
#≈≈≈≈≈≈≈≈≈.....≈≈≈≈≈≈≈≈≈#
#≈≈≈≈≈≈≈≈≈..<..≈≈≈≈≈≈≈≈≈#
#≈≈≈≈≈≈≈≈≈.....≈≈≈≈≈≈≈≈≈#
#≈≈≈≈≈≈≈≈≈.....≈≈≈≈≈≈≈≈≈#
#≈≈≈≈≈≈≈≈≈.....≈≈≈≈≈≈≈≈≈#
#≈≈≈≈≈≈≈≈.......≈≈≈≈≈≈≈≈#
#≈≈≈≈≈.............≈≈≈≈≈#
#≈≈≈.................≈≈≈#
#≈≈........._.........≈≈#
#≈......⌠.......⌠......≈#
#..._..............._...#
#.......................#
#........#######........#
#8....#### ####....8#


You could see a wraith.

Vanquished Creatures
  2 water moccasins
  2 black bears
  A centaur (D:5)
  A phantom (D:4)
  A scorpion (D:5)
  A howler monkey (D:5)
  2 hounds (D:5)
  A gnoll bouda (D:5)
  2 iguanas (D:5)
  4 gnolls
  7 adders
  A worm (D:2)
  2 dart slugs
  8 orcs
  6 bats
  8 endoplasms
  5 giant cockroaches
  13 goblins
  7 hobgoblins
  14 jackals
  4 kobolds (D:4)
  6 quokkas
  5 ball pythons
  2 frilled lizards
  2 rats
107 creatures vanquished.

Notes
Turn   | Place    | Note
-------+----------+-------------------------------------------
     0 | D:1      | FallingFreak the Ghoul Warper began the quest for the Orb.
     0 | D:1      | Reached XP level 1. HP: 17/17 MP: 2/2
    99 | D:1      | Reached skill level 1 in Armour
   124 | D:1      | Reached XP level 2. HP: 25/25 MP: 3/3
   449 | D:1      | Learned a level 2 spell: Blink
   452 | D:1      | Learned a level 2 spell: Lesser Beckoning
   545 | D:1      | Increase (s)trength, (i)ntelligence, or (d)exterity?
   545 | D:1      | Reached XP level 3. HP: 25/30 MP: 5/5
  1102 | D:1      | A sourceless malevolence fills the Dungeon...
  1102 | D:1      | You fall into a shaft and drop 1 floor!
  1792 | D:2      | Reached XP level 4. HP: 37/37 MP: 6/6
  2756 | D:3      | Found a stormy altar of Qazlal.
  2765 | D:3      | Found a sacrificial altar of Ru.
  3011 | D:4      | Reached XP level 5. HP: 43/45 MP: 7/7
  3018 | D:4      | Learned a level 3 spell: Teleport Other
  3188 | D:4      | Noticed a black bear
  3246 | D:4      | Noticed a water moccasin
  3258 | D:4      | Killed a water moccasin
  3259 | D:4      | Reached XP level 6. HP: 21/51 MP: 7/9
  4178 | D:5      | Entered Level 5 of the Dungeon
  4424 | D:5      | Noticed a water moccasin
  4491 | D:5      | Reached XP level 7. HP: 38/59 MP: 10/10
  5567 | D:5      | Noticed a wraith
  5944 | D:5      | Found a runed translucent door.
  5945 | D:5      | Noticed Crazy Yiuf
  5992 | D:5      | Noticed Ijyb
  6099 | D:5      | Reached XP level 8. HP: 66/67 MP: 12/12
  6148 | D:5      | Found a staircase to the Ecumenical Temple.
  6326 | Temple   | Entered the Ecumenical Temple
  6498 | D:5      | Found an iron altar of Okawaru.
  6577 | Temple   | HP: 1/67 [wraith (4)]
  6578 | Temple   | Mangled by a wraith

Illustrated notes

Levels and vault maps discovered:
D:1:      onia_arrival_mini_maze, layout_loops_corners
D:2:      layout_loops_ring, kennysheep_crisscross, kennysheep_cross_room,
          kennysheep_generic_room_16
D:3:      layout_rooms, mainiacjoe_overflow_swirl, minmay_liquid_box
D:4:      layout_loops_ring
D:5:      lemuel_castle_with_subvaults [lemuel_castle_interior_original],
          layout_basic, general_overflow_altar,
          mainiacjoe_overflow_tiny_flanked, minmay_temple_entry_waves,
          uniq_crazy_yiuf_cottage, uniq_ijyb, uniq_eustachio
Temple:   nicolae_temple_two_arcs

Skill      XL: |  1  2  3  4  5  6  7 |
---------------+----------------------+-----
Armour         | 1 2 3 |  3.6
Polearms       | 2 3 4 |  4.0
Spellcasting   | 2 3 |  3.8
Translocations | 3 4 |  4.5
Fighting       | 3 4 |  4.9
Throwing       | |  0.8
Dodging        | |  1.7

Action                     |  1- 3 |  4- 6 |  7- 9 || total
---------------------------+-------+-------+-------++-------
  Melee: Spear             |    85 |       |    62 ||   147
         Punch             |     3 |     1 |       ||     4
         Mace              |    47 |   159 |    27 ||   233
         Trident           |       |    16 |       ||    16
         Halberd           |       |       |    37 ||    37
  Throw: Dart              |       |     9 |    29 ||    38
         Boomerang         |       |       |     7 ||     7
 Armour: Leather armour    |    24 |       |       ||    24
         Scale mail        |     7 |    88 |    61 ||   156
  Dodge: Dodged            |    73 |    82 |    76 ||   231

Table legend: (Time is in decaauts)
 A = Elapsed time spent in this place.
 B = Non-inter-level travel time spent in this place.
 C = Inter-level travel time spent in this place.
 D = Time resting spent in this place.
 E = Time spent auto-exploring this place.
 F = Levels seen in this place.
 G = Mean time per level.
                   A        B        C        D        E       F      G
               +--------+--------+--------+--------+--------+-----+--------+
         Total |   6685 |   6198 |    487 |   1952 |   2591 |   6 | 1114.2 |
       Dungeon |   6552 |   6071 |    481 |   1952 |   2485 |   5 | 1310.4 |
        Temple |    132 |    126 |      6 |      0 |    106 |   1 |  132.0 |
               +--------+--------+--------+--------+--------+-----+--------+

Top non-repeatable levels by time:
     D:4: 1974 daAuts
     D:5: 1684 daAuts
     D:1: 1497 daAuts
     D:2: 978 daAuts
     D:3: 417 daAuts
  Temple: 132 daAuts
